AoeStats
← mryendl2410

Arabia

509136277Analyzed
4v4 RM · 7d ago on Sep 25, 2026· 53m 55s· 8 players
Game mode
Random Map
Map size
Large (8 player)
Population
200
Speed
Normal
Resources
Standard
Victory
Conquest
Starting age
Dark Age
Ending age
Imperial Age
RankedLock teamsTeams togetherTeam positionsShared explorationLock speedFull tech treeHidden civsTurbo modeCheats
Victory
Defeat
🇰🇷 Britons · South Korea
1433
+14
🇻🇳 Ethiopians · Vietnam
1401
+16
🇰🇷 Mongols · South Korea
1400
+16
🇻🇳 Franks · Vietnam
1345
+18
🇪🇨 Saxons · Ecuador
1470
-19
🇩🇰 Inca · Denmark
1404
-16
🇨🇱 Hindustanis · Chile
1376
-15
🇨🇴 Persians · Colombia
1337
-14
Lookass
9:51 Feudal Age
8:09 Loom
9:54 Feudal Age
13:37 Champi Runner
14:28 Double-Bit Axe
17:38 Horse Collar
18:48 Scale Mail Armor
19:19 Forging
20:06 Town Watch
21:14 Wheelbarrow
22:47 Arson
26:17 Castle Age
26:19 Gold Mining
26:26 Champi Warrior
27:07 Squires
27:16 Squires
28:40 Iron Casting
28:22 Chain Mail Armor
29:05 Iron Casting
30:55 Bow Saw
37:18 Heavy Plow
45:14 Hand Cart
48:49 Imperial Age
48:49 Elite Champi Warrior
50:26 Plate Mail Armor
49:25 Capped Ram
51:41 Blast Furnace
51:38 Fabric Shields
52:01 Conscription
51:57 Siege Ram
SMNT - KMUS
5:40 Loom
9:27 Feudal Age
9:54 Double-Bit Axe
14:31 Wheelbarrow
16:42 Bloodlines
20:58 Castle Age
19:52 Scale Barding Armor
19:57 Forging
22:07 Iron Casting
22:36 Light Cavalry
26:18 Chain Barding Armor
28:09 Gold Mining
30:33 Bow Saw
31:22 Stone Mining
34:06 Horse Collar
37:29 Imperial Age
36:04 Hand Cart
35:52 Husbandry
37:17 Cavalier
38:42 Plate Barding Armor
40:19 Conscription
40:25 Fletching
41:55 Blast Furnace
41:26 Bodkin Arrow
48:12 Savar
AdrianJPG
11:21 Loom
13:07 Feudal Age
12:51 Loom
19:33 Fletching
22:36 Castle Age
23:53 Double-Bit Axe
24:50 Scale Mail Armor
25:00 Forging
30:01 Bodkin Arrow
31:27 Padded Archer Armor
31:49 Bow Saw
32:16 Squires
36:08 Chain Mail Armor
39:19 Wheelbarrow
45:01 Imperial Age
42:48 Hand Cart
44:31 Ballistics
44:53 Iron Casting
44:36 Leather Archer Armor
47:45 Chemistry
LaPosta
1:37 Loom
10:16 Feudal Age
10:45 Town Watch
13:30 Bloodlines
20:24 Fletching
25:21 Castle Age
23:29 Double-Bit Axe
23:28 Horse Collar
24:00 Gold Mining
25:06 Scale Barding Armor
26:43 Husbandry
33:31 Chain Barding Armor
33:38 Forging
37:10 Iron Casting
36:47 Light Cavalry
44:19 Imperial Age
42:26 Bow Saw
44:31 Heavy Camel Rider
47:02 Plate Barding Armor
48:20 Wheelbarrow
49:02 Blast Furnace
49:02 Bodkin Arrow
53:30 Hand Cart
남조선사람
6:05 Loom
8:38 Feudal Age
8:41 Man-at-Arms
13:46 Double-Bit Axe
16:13 Fletching
21:32 Castle Age
19:50 Gold Mining
20:30 Padded Archer Armor
20:45 Horse Collar
21:36 Crossbowman
22:31 Bodkin Arrow
23:48 Ballistics
24:14 Leather Archer Armor
24:14 Bow Saw
26:05 Wheelbarrow
32:05 Leather Archer Armor
42:51 Imperial Age
40:48 Pikeman
41:29 Squires
42:42 Scale Mail Armor
42:52 Forging
42:03 Long Swordsman
42:29 Gambesons
45:59 Imperial Age
44:23 Chain Mail Armor
46:54 Halberdier
48:29 Bracer
48:46 Two-Handed Swordsman
52:33 Plate Mail Armor
52:35 Caravan
53:03 Heavy Plow
54:07 Conscription
BaniWang
4:51 Loom
9:37 Feudal Age
16:58 Castle Age
16:20 Horse Collar
19:54 Double-Bit Axe
25:41 Heavy Plow
27:55 Bow Saw
28:55 Gold Mining
30:35 Fletching
30:46 Padded Archer Armor
30:48 Stone Mining
31:33 Bodkin Arrow
31:53 Bloodlines
31:43 Husbandry
33:48 Leather Archer Armor
36:29 Wheelbarrow
38:25 Imperial Age
36:34 Stone Shaft Mining
38:19 Hand Cart
38:41 Gold Shaft Mining
39:33 Bracer
41:06 Conscription
41:49 Chemistry
40:55 Capped Ram
42:43 Murder Holes
43:09 Ballistics
42:47 Murder Holes
43:03 Masonry
43:18 Elite Mangudai
45:18 Elite Mangudai
48:40 Town Watch
48:25 Heavy Camel Rider
49:45 Forging
54:06 Parthian Tactics
mryendl2410
6:07 Loom
9:00 Feudal Age
11:34 Fletching
26:03 Castle Age
24:56 Padded Archer Armor
24:51 Double-Bit Axe
25:51 Horse Collar
26:02 Gold Mining
26:45 Bodkin Arrow
26:12 Crossbowman
28:04 Leather Archer Armor
28:42 Ballistics
32:22 Wheelbarrow
38:59 Imperial Age
38:43 Elite Skirmisher
39:55 Bracer
40:58 Chemistry
40:30 Thumb Ring
45:15 Ring Archer Armor
44:35 Arbalester
53:21 Conscription
53:02 Torsion Engines
53:26 Bow Saw
54:18 Heavy Plow
55:19 Two-Man Saw
piecardinap
7:50 Loom
8:24 Loom
10:42 Feudal Age
11:21 Double-Bit Axe
22:48 Castle Age
21:01 Gold Mining
22:38 Scale Barding Armor
26:02 Stone Mining
28:28 Wheelbarrow
30:37 Chain Barding Armor
31:02 Bow Saw
31:44 Gold Shaft Mining
32:24 Forging
32:45 Husbandry
38:59 Imperial Age
37:06 Iron Casting
36:49 Hand Cart
39:24 Scale Mail Armor
39:04 Cavalier
40:21 Plate Barding Armor
40:26 Chain Mail Armor
40:01 Fletching
41:12 Conscription
41:50 Town Watch
45:23 Blast Furnace
44:21 Paladin
45:33 Plate Mail Armor
51:45 Bodkin Arrow
Connection lost

Rejoining the realm…

Still unreachable

The connection could not be restored.

Session expired

The server has moved on; the page needs a fresh start.